 Dungeon Crawl Stone Soup version 0.23.2-40-g277498a001 (webtiles) character file.

Game seed: 7366775618700797735

3341 Felnil the Warrior (level 10, 0/107 HPs)
             Began as a Hill Orc Fighter on Aug 20, 2019.
             Was a Believer of Ru.
             Slain by a centaur warrior skeleton (6 damage)
             ... on level 7 of the Dungeon.
             The game lasted 00:23:00 (7060 turns).

Felnil the Warrior (Hill Orc Fighter)               Turns: 7060, Time: 00:23:01

Health: 0/107      AC: 13    Str: 23    XL:     10   Next: 2%
Magic:  10/10      EV:  7    Int:  8    God:    Ru [**....]
Gold:   17         SH:  9    Dex: 10    Spells: 9/9 levels left

rFire    . . .     SeeInvis .   m - +5 hand axe (flame)
rCold    . . .     Gourm    .   c - +0 shield
rNeg     . . .     Faith    .   b - +0 scale mail
rPois    .         Spirit   .   (no helmet)
rElec    .         Reflect  .   x - +0 cloak
rCorr    +         Harm     .   h - +0 pair of gloves
MR       .....                  (no boots)
Stlth    ..........             (no amulet)
HPRegen  0.27/turn              u - ring of resist corrosion
MPRegen  0.12/turn              w - +4 ring of protection

@: about to teleport, berserk cooldown, slowed, very slow
A: inability to train dodging, magic vulnerability 1
a: Renounce Religion


You were on level 7 of the Dungeon.
You worshipped Ru.
Ru was pleased with you.
You were hungry.

You visited 1 branch of the dungeon, and saw 7 of its levels.

You collected 297 gold pieces.
You spent 280 gold pieces at shops.

Inventory:

Hand Weapons
 a - a +0 war axe
 m - a +5 hand axe of flaming (weapon)
 o - a +0 dagger of venom
 s - a +4 quarterstaff of chaos
 y - a cursed -1 mace
Armour
 b - a +0 scale mail (worn)
 c - a +0 shield (worn)
 h - a +0 pair of gloves (worn)
 x - a +0 cloak (worn)
Jewellery
 u - a ring of resist corrosion (left hand)
 v - a +4 ring of intelligence
 w - a +4 ring of protection (right hand)
Wands
 d - a wand of iceblast (3)
 B - a wand of disintegration (9)
Scrolls
 n - 3 scrolls of enchant armour
 t - 2 scrolls of magic mapping
 z - a scroll of remove curse
 A - a scroll of identify
 C - a scroll of blinking {unknown}
 D - a scroll of amnesia {unknown}
Potions
 e - 2 potions of agility
 i - 2 potions of berserk rage
 j - a potion of flight
 k - 2 potions of brilliance
 q - a potion of haste
 r - a potion of ambrosia
 E - a potion of lignification
Comestibles
 f - 12 rations


   Skills:
 + Level 15.8 Fighting
 - Level 2.6 Axes
 - Level 3.2 Armour
 - Level 3.2 Shields


You had 9 spell levels left.
You didn't know any spells.
Your spell library contained the following spells:

 Spells                   Type           Power        Failure   Level  Hunger
 Corona                   Hex            #......      99%         1    ##.....
 Freeze                   Ice            #...         99%         1    ##.....
 Ensorcelled Hibernation  Hex/Ice        #.....       100%        2    ###....
 Throw Frost              Conj/Ice       #.....       100%        2    ###....
 Confuse                  Hex            #.......     100%        3    ####...
 Dazzling Spray           Conj/Hex       #.....       100%        3    ####...
 Ozocubu's Armour         Chrm/Ice       #.......     100%        3    ####...
 Tukima's Dance           Hex            #.......     100%        3    ####...
 Summon Ice Beast         Ice/Summ       #.......     100%        4    #####..
 Throw Icicle             Conj/Ice       #.......     100%        4    #####..


Dungeon Overview and Level Annotations

Branches:
Dungeon (7/15)
 Temple: D:4-7

Altars:
Dithmenos
Fedhas
Makhleb
Nemelex Xobeh
Okawaru
Ru
Uskayaw
Wu Jian
Yredelemnul
The Shining One

Shops:
D:5 *


Innate Abilities, Weirdness & Mutations

You cannot train Dodging skill.
You are slightly vulnerable to magic. (MR-)


Message History

The centaur warrior skeleton is unaffected.
The hellwing is unaffected.
The centaur warrior skeleton is unaffected.
The centaur warrior skeleton hits you but does no damage. x2
The hellwing hits you.
* * * LOW HITPOINT WARNING * * *
The hellwing hits you but does no damage.
As you read the scroll of teleportation, it crumbles to dust.
You feel strangely unstable.
The centaur warrior skeleton hits you but does no damage.
The hellwing hits you.
* * * LOW HITPOINT WARNING * * *
You focus your will and illuminate the hellwing in retribution!
The hellwing hits you but does no damage.
You block the centaur warrior skeleton's attack.
The hellwing hits you!
* * * LOW HITPOINT WARNING * * *
The hellwing hits you but does no damage.
The centaur warrior skeleton hits you.
You die...

#...4.....#
#......5..#
#####.Z...#
##..#.....#
#...###'#.....
#..Z5.4.# ....
# ###5##5.+
..#
#...##.Z##..#
#.....4@##..#
.#......##..#
#.....!....#
#..........+
#......##+##
#......#
#..##..# #..
####


You could see a hellwing, 2 shadow imps and 2 centaur warrior skeletons.

Vanquished Creatures
  Pikel (D:6)
  2 centaur zombies (D:7)
  A hellwing (D:7)
  Grinder (D:3)
  Sigmund (D:3)
  The ghost of Sysandra the Magician, an amateur OpWz (D:4)
  A slave (D:6)
  A sky beast (D:6)
  A phantom (D:5)
  4 ogres
  Blork the orc (D:4)
  2 scorpions
  A hound (D:4)
  5 orc priests
  Crazy Yiuf (D:6)
  Jessica (D:2)
  An iguana (D:4)
  Ijyb (D:3)
  Natasha (twice) (D:3)
  5 orc wizards
  2 worker ants
  A hound skeleton (D:5)
  A worker ant zombie (D:6)
  6 adders
  An ooze (D:1)
  2 adder zombies
  An adder skeleton (D:5)
  A worm (D:3)
  2 dart slugs (D:1)
  6 leopard geckos
  12 orcs
  7 bats
  5 giant cockroaches
  6 goblins
  9 hobgoblins
  9 jackals
  5 kobolds
  2 quokkas
  8 frilled lizards
  A leopard gecko skeleton (D:5)
  2 rats
  A bush (D:6)
  A fungus (D:6)
125 creatures vanquished.

Vanquished Creatures (others)
  A phantom (D:6)
  A scorpion (D:6)
  A withered plant (D:7)
3 creatures vanquished.

Grand Total: 128 creatures vanquished

Notes
Turn   | Place    | Note
-------+----------+-------------------------------------------
     0 | D:1      | Felnil the Hill Orc Fighter began the quest for the Orb.
     0 | D:1      | Reached XP level 1. HP: 19/19 MP: 1/1
    44 | D:1      | Reached skill level 4 in Fighting
    58 | D:1      | Reached XP level 2. HP: 4/27 MP: 2/2
   534 | D:1      | Reached XP level 3. HP: 35/35 MP: 3/3
   549 | D:1      | Reached skill level 5 in Fighting
   934 | D:2      | Noticed Jessica
   943 | D:2      | Killed Jessica
   943 | D:2      | Reached XP level 4. HP: 31/44 MP: 4/4
  1189 | D:2      | Found an ornate altar of the Wu Jian Council.
  1190 | D:2      | Found a glowing golden altar of the Shining One.
  1190 | D:2      | Found a sacrificial altar of Ru.
  1204 | D:2      | Became a worshipper of Ru the Awakened
  1337 | D:2      | Reached skill level 6 in Fighting
  1458 | D:3      | Noticed Ijyb
  1644 | D:3      | Killed Ijyb
  1644 | D:3      | Reached XP level 5. HP: 7/51 MP: 5/5
  1646 | D:3      | Reached skill level 7 in Fighting
  2145 | D:3      | Noticed Grinder
  2147 | D:3      | Paralysed by Grinder for 7 turns
  2162 | D:3      | Paralysed by Grinder for 5 turns
  2176 | D:3      | Killed Grinder
  2176 | D:3      | Reached skill level 8 in Fighting
  2176 | D:3      | Reached XP level 6. HP: 28/62 MP: 6/6
  2523 | D:3      | Found a basalt altar of Yredelemnul.
  2570 | D:3      | Found a burning altar of Makhleb.
  2574 | D:3      | Found a hide-covered altar of Uskayaw.
  2900 | D:3      | Noticed Natasha
  2905 | D:3      | Killed Natasha
  2905 | D:3      | Reached skill level 9 in Fighting
  2916 | D:3      | Noticed Sigmund
  2929 | D:3      | Killed Sigmund
  2929 | D:3      | Reached XP level 7. HP: 31/71 MP: 7/7
  2959 | D:3      | Noticed Natasha
  3139 | D:3      | Found a sparkling altar of Nemelex Xobeh.
  3206 | D:3      | Killed Natasha
  3206 | D:3      | Reached skill level 10 in Fighting
  3226 | D:3      | Gained mutation: You cannot train Dodging skill. [Ru
                  | sacrifice]
  3226 | D:3      | Reached * piety under Ru
  3268 | D:4      | Noticed Blork the orc
  3279 | D:4      | Killed Blork the orc
  3404 | D:4      | Found a transporter.
  3414 | D:4      | Noticed Sysandra's ghost (amateur OpWz)
  3460 | D:4      | Reached skill level 11 in Fighting
  3460 | D:4      | Reached XP level 8. HP: 66/82 MP: 8/8
  3494 | D:4      | Found a transporter.
  3592 | D:4      | Found an iron altar of Okawaru.
  4301 | D:4      | Killed Sysandra's ghost
  4304 | D:4      | Reached skill level 12 in Fighting
  4504 | D:5      | Entered Level 5 of the Dungeon
  4519 | D:5      | Found Cetomel's General Store.
  4576 | D:5      | Found a blossoming altar of Fedhas.
  5270 | D:5      | Found a shadowy altar of Dithmenos.
  5554 | D:6      | Gained mutation: You are slightly vulnerable to magic.
                  | (MR-) [Ru sacrifice]
  5554 | D:6      | Reached ** piety under Ru
  5737 | D:6      | Reached skill level 13 in Fighting
  5953 | D:6      | Found a runed translucent door.
  5954 | D:6      | Noticed Crazy Yiuf
  5968 | D:6      | Killed Crazy Yiuf
  6210 | D:6      | Reached XP level 9. HP: 88/93 MP: 9/9
  6359 | D:6      | Noticed Pikel
  6381 | D:6      | Killed Pikel
  6381 | D:6      | Reached skill level 14 in Fighting
  6859 | D:5      | Bought a scroll of brand weapon for 280 gold pieces
  6924 | D:7      | Reached skill level 15 in Fighting
  6987 | D:7      | Noticed a hellwing
  6989 | D:7      | Noticed a hellwing
  7054 | D:7      | Killed a hellwing
  7054 | D:7      | Reached XP level 10. HP: 29/107 MP: 10/10
  7060 | D:7      | Slain by a centaur warrior skeleton

Skill      XL: |  1  2  3  4  5  6  7  8  9 |
---------------+----------------------------+-----
Fighting       | 4 5 6 8 9 11 13 15 | 15.8
Axes           | |  2.6
Armour         | |  3.2
Shields        | |  3.2

Action                   |  1- 3 |  4- 6 |  7- 9 | 10-12 || total
-------------------------+-------+-------+-------+-------++-------
Melee: War axe           |    60 |     3 |       |       ||    63
       Hand axe          |       |    95 |   365 |       ||   460
Invok: Sacrifice Nimblen |       |       |     1 |       ||     1
       Sacrifice Essence |       |       |     1 |       ||     1
Evoke: Wand              |       |     1 |     3 |       ||     4
  Use: Potion            |       |     1 |     5 |     1 ||     7
       Scroll            |       |       |    10 |     2 ||    12
 Stab: Invisible         |       |       |     2 |       ||     2
  Eat: Chunk             |       |     3 |    13 |       ||    16
       Ration            |       |     1 |       |       ||     1
Armor: Scale mail        |    22 |    53 |   109 |    10 ||   194
       Skin              |       |       |    29 |     3 ||    32
Dodge: Dodged            |    29 |    35 |    84 |     2 ||   150
Block: Shield            |    29 |    47 |   131 |     5 ||   212
